 Dungeon Crawl Stone Soup version 0.28.0-53-g5a82cb258f (webtiles) character file.

Game seed: 2283139588950204904

2466 LynnLen the Covert (level 9, -2/57 HPs)
             Began as a Vampire Enchanter on Aug 3, 2022.
             Was a Follower of Yredelemnul.
             Slain by an orc warrior
             ... wielding a +0 spear
              (6 damage)
             ... in a bailey.
             The game lasted 00:33:56 (9578 turns).

LynnLen the Covert (Vampire Enchanter)              Turns: 9578, Time: 00:33:57

Health: -2/57      AC:  8    Str: 13    XL:     9   Next: 26%
Magic:  13/16      EV: 13    Int: 20    God:    Yredelemnul [*.....]
Gold:   307        SH:  3    Dex: 16    Spells: 12/18 levels left

rFire   . . .      SeeInvis +   i - +1 dagger (speed)
rCold   . . .      Faith    .   w - +0 buckler
rNeg    . . .      Spirit   .   d - +1 leather armour
rPois   .          Reflect  .   n - +0 helmet {SInv}
rElec   .          Harm     .   (no cloak)
rCorr   +          Rampage  .   (no gloves)
Will    .....                   j - +2 pair of boots
Stlth   ++++......              (no amulet)
HPRegen 0.39/turn               f - ring of resist corrosion
MPRegen 0.15/turn               s - +6 ring of strength

@: healing quickly
A: alive, fangs 3, see invisible, vampiric 2
a: Exsanguinate, Renounce Religion, Recall Undead Harvest


You were in a bailey.
You worshipped Yredelemnul.
Yredelemnul was noncommittal.
You visited 2 branches of the dungeon, and saw 9 of its levels.
You also visited: Bailey.

You collected 503 gold pieces.
You spent 196 gold pieces at shops.

Inventory:

Hand Weapons
 a - a +2 dagger
 g - a +0 hunting sling
 i - a +1 dagger of speed (weapon)
Missiles
 o - 35 stones
 r - 6 boomerangs
 z - 3 atropa-tipped darts
 A - 42 sling bullets
Armour
 d - a +1 leather armour (worn)
 j - a +2 pair of boots (worn)
 n - a +0 helmet of see invisible (worn)
 w - a +0 buckler (worn)
Jewellery
 f - a ring of resist corrosion (left hand)
 s - a +6 ring of strength (right hand)
Wands
 l - a wand of flame (25)
 m - a wand of acid (11)
 p - a wand of paralysis (10)
 D - a wand of charming (7)
Scrolls
 t - 3 scrolls of enchant armour
 u - a scroll of magic mapping
 v - 4 scrolls of teleportation
 y - 2 scrolls of vulnerability
Potions
 b - a potion of attraction
 c - a potion of invisibility
 e - a potion of magic
 h - a potion of haste
 k - a potion of ambrosia
 q - a potion of might
 x - a potion of brilliance
 C - a potion of curing {unknown}


   Skills:
 + Level 7.2 Short Blades
 + Level 5.3 Dodging
 + Level 10.8 Stealth
 * Level 5.3 Spellcasting
 * Level 8.3 Hexes


You had 12 spell levels left.
You knew the following spells:

 Your Spells              Type           Power      Damage    Failure   Level
a - Confusing Touch       Hex            38%        N/A       1%          3
b - Tukima's Dance        Hex            38%        N/A       1%          3

Your spell library contained the following spells:

 Spells                   Type           Power      Damage    Failure   Level
 Ensorcelled Hibernation  Hex/Ice        44%        N/A       5%          2
 Dazzling Flash           Conj/Hex       44%        N/A       11%         3


Dungeon Overview and Level Annotations

Branches:
Dungeon (8/15)             Temple (1/1) D:7          Bailey (1/1)
   Lair: D:8-11

Altars:
Ashenzari
Dithmenos
Fedhas
Kikubaaqudgha
Makhleb
Nemelex Xobeh
Ru
Trog
Vehumet
Wu Jian
Xom
Yredelemnul

Shops:
D:4 *


Innate Abilities, Weirdness & Mutations

Your natural rate of healing is accelerated.
You have razor-sharp teeth.
You have supernaturally acute eyesight. (SInv)
You are afflicted with vampirism and can become a bat while bloodless.


Message History

You see here a +0 halberd.
You swap places.
The orc closely misses you.
Your orc zombie barely misses the orc. x2
You swap places.
The orc hits you with a +0 halberd. The orc closely misses you.
Your orc zombie hits the orc warrior but does no damage.
There is an open door here.
You see here a +0 halberd.
You swap places.
The orc warrior barely misses you. The orc closely misses you.
Your orc zombie hits the orc warrior but does no damage.
Casting: Confusing Touch (safe; 1% risk of failure)
Confirm with . or Enter, or press ? or * to list all spells.
Your hands begin to glow red.
You block the orc warrior's attack. The orc hits you but does no damage.
The orc warrior hits you from afar with a +0 spear!
Your orc zombie hits the orc warrior but does no damage. x2
You swap places.
The orc warrior hits you with a +0 glaive.
The orc hits you from afar with a +0 halberd.
The orc closely misses you. You block the orc's attack.
The orc warrior misses you. The orc closely misses you.
There is an open door here.
You see here a +0 halberd.
You hit the orc warrior but do no damage.
The orc warrior appears confused.
The orc warrior misses you.
The orc warrior barely misses itself.
The orc hits you from afar with a +0 halberd.
* * * LOW HITPOINT WARNING * * *
The orc warrior hits you with a +0 spear!
* * * LOW HITPOINT WARNING * * *
The orc hits you but does no damage. The orc barely misses you.
Your orc zombie hits the orc warrior but does no damage.
The orc hits you from afar with a +0 halberd.
* * * LOW HITPOINT WARNING * * *
You swap places.
Your orc zombie hits the orc warrior but does no damage.
The orc closely misses you.
The orc warrior hits you from afar with a +0 spear.
You die...
Yredelemnul claims you as an undead slave.

###### ############
#.....# ##........∩.#
..o..######.....#......
...##Zo#Z...#....###.....
....8ooZ@...'.....8..).)∩
...##oo#Z...#....###)..).
...oo######.....#..))).
#.....# ##........∩.#
###### ############


You could see 2 orc warriors, 5 orcs and 4 friendly orc zombies.

Vanquished Creatures
  Sigmund (D:4)
  A steam dragon (D:6)
  2 water moccasins
  2 ice beasts
  2 orc warriors (D:7)
  A necrophage (D:7)
  A black bear (D:5)
  An ogre (D:5)
  A centaur (D:6)
  A phantom (D:7)
  A scorpion (D:6)
  A wyvern zombie (D:7)
  3 killer bees (D:7)
  2 howler monkeys (D:7)
  2 jellies
  A centaur skeleton (D:7)
  2 hounds
  2 bullfrog skeletons
  2 orc priests
  Natasha (thrice) (D:2)
  6 iguanas
  2 orc wizards
  A killer bee zombie (D:7)
  A hound skeleton (D:4)
  2 gnolls
  3 adders
  3 worms (D:2)
  6 dart slugs
  21 orcs
  8 endoplasms
  5 giant cockroaches
  9 goblins
  5 hobgoblins
  A jackal (D:2)
  3 kobolds
  3 quokkas
  8 ball pythons
  5 bats
  4 frilled lizards
  8 rats
136 creatures vanquished.

Vanquished Creatures (collateral kills)
  A bullfrog (D:7)
  A killer bee (D:7)
  An orc (Bailey)
3 creatures vanquished.

Vanquished Creatures (others)
  A bullfrog zombie (D:7)
  An orc zombie (Bailey)
2 creatures vanquished.

Grand Total: 141 creatures vanquished

Notes
Turn   | Place    | Note
-------+----------+-------------------------------------------
     0 | D:1      | LynnLen the Vampire Enchanter began the quest for the Orb.
     0 | D:1      | Reached XP level 1. HP: 13/13 MP: 3/3
   337 | D:1      | Reached XP level 2. HP: 16/19 MP: 5/5
   376 | D:1      | Reached skill level 5 in Stealth
   541 | D:1      | Found a faded altar of an unknown god.
   920 | D:1      | Gained mutation: You are afflicted with vampirism and can
                  | become a bat while bloodless. [Vampire growth]
   920 | D:1      | Reached XP level 3. HP: 24/24 MP: 6/6
  1163 | D:1      | Learned a level 3 spell: Confusing Touch
  1167 | D:1      | Learned a level 3 spell: Tukima's Dance
  1258 | D:2      | Noticed Natasha
  1822 | D:2      | Reached skill level 6 in Stealth
  2179 | D:2      | Reached XP level 4. HP: 30/30 MP: 0/7
  2319 | D:2      | Killed Natasha
  2687 | D:2      | Noticed Natasha
  2699 | D:2      | Killed Natasha
  2705 | D:2      | Noticed Natasha
  2913 | D:2      | Killed Natasha
  2914 | D:2      | Reached XP level 5. HP: 18/35 MP: 4/8
  3486 | D:3      | Found a bloodstained altar of Trog.
  3576 | D:3      | Reached skill level 7 in Stealth
  4303 | D:4      | Found Egiuqid's General Store.
  4333 | D:4      | Bought a scroll of identify for 28 gold pieces
  4333 | D:4      | Bought a scroll of magic mapping for 49 gold pieces
  4477 | D:4      | Noticed Sigmund
  4480 | D:4      | Found a burning altar of Makhleb.
  4485 | D:4      | Killed Sigmund
  4486 | D:4      | Reached skill level 5 in Short Blades
  4486 | D:4      | Reached XP level 6. HP: 41/41 MP: 9/9
  4640 | D:4      | Found a blossoming altar of Fedhas.
  4641 | D:4      | Noticed an ice beast
  4642 | D:4      | Found a radiant altar of Vehumet.
  4645 | D:4      | Killed an ice beast
  5041 | D:4      | Found a sparkling altar of Nemelex Xobeh.
  5560 | D:4      | Bought a +0 buckler for 63 gold pieces
  5560 | D:4      | Bought a potion of brilliance for 56 gold pieces
  5607 | D:5      | Entered Level 5 of the Dungeon
  5658 | D:5      | Identified the +0 ring mail "Ekiegaax" {Dex+2}
  5725 | D:5      | Reached XP level 7. HP: 43/46 MP: 0/10
  5949 | D:5      | Reached skill level 8 in Stealth
  5949 | D:5      | Reached skill level 5 in Hexes
  6930 | D:6      | Found an ornate altar of the Wu Jian Council.
  6988 | D:6      | Found a sacrificial altar of Ru.
  7229 | D:6      | Reached XP level 8. HP: 32/52 MP: 9/13
  7355 | D:6      | Reached skill level 9 in Stealth
  7726 | D:7      | Found a staircase to the Ecumenical Temple.
  7820 | Temple   | Entered the Ecumenical Temple
  7862 | Temple   | Became a worshipper of Yredelemnul the Dark
  8130 | D:7      | Reached * piety under Yredelemnul
  8251 | D:6      | Reached skill level 5 in Dodging
  8251 | D:6      | Reached skill level 10 in Stealth
  8450 | D:7      | Reached XP level 9. HP: 57/57 MP: 16/16
  8714 | D:7      | Reached skill level 5 in Spellcasting
  8724 | D:7      | Reached ** piety under Yredelemnul
  9243 | D:8      | Noticed a two-headed ogre
  9301 | D:8      | Found a flagged portal.
  9348 | Bailey   | Entered a bailey
  9578 | Bailey   | Slain by an orc warrior

Illustrated notes

Levels and vault maps discovered:
D:1:      wheals_arrival_linesprint, layout_basic,
          chequers_ecumenical_altar_simple
D:2:      layout_rooms, minmay_pentomino_q4, uniq_natasha
D:3:      layout_loops_cross, nicolae_overflow_crystal_walls,
          minmay_misc_feat_tower
D:4:      mumra_celtic_spiral_tile, layout_basic, bloody_makhleb,
          nemelex_dance_club_becter, jmf_multi_god_temple, serial_shops,
          nicolae_diamond_shop, uniq_sigmund
D:5:      layout_loops_ring, kennysheep_path_1
D:6:      layout_loops_cross, overflow_temple_1_default, nicolae_ru_awakened_eye
D:7:      nicolae_BIG_FREAKIN_CUBE, layout_gridville, minmay_temple_entry_waves,
          nrook_mini_backslash, minmay_misc_feat_square, grunt_decor_arrowhead,
          grunt_decor_mini_mirrors
D:8:      layout_basic, lemuel_coloured_pillars_altar, enter_bailey_3,
          uniq_psyche
Temple:   minmay_temple_curvy_loop
Bailey:   bailey_polearm_5, bailey

Skill      XL: |  1  2  3  4  5  6  7  8  9 |
---------------+----------------------------+-----
Stealth        | 5 6 7 8 10 | 10.8
Short Blades   | 2 3 5 6 7 |  7.2
Dodging        | 3 4 5 |  5.3
Hexes          | 5 7 8 |  8.3
Spellcasting   | 3 4 5 |  5.3

Action                   |  1- 3 |  4- 6 |  7- 9 || total
-------------------------+-------+-------+-------++-------
Melee: Dagger            |   122 |   172 |   328 ||   622
       Bite              |    11 |    19 |    48 ||    78
       Punch             |     1 |     1 |       ||     2
Throw: Stone             |       |       |     1 ||     1
 Cast: Confusing Touch   |     4 |     8 |    21 ||    33
Evoke: Wand              |       |       |     4 ||     4
  Use: Scroll            |     3 |     9 |     6 ||    18
       Potion            |       |       |     2 ||     2
 Stab: Sleeping          |    13 |    13 |    11 ||    37
       Confused          |     4 |     3 |    17 ||    24
       Invisible         |       |       |     3 ||     3
       Distracted        |       |       |     1 ||     1
Armor: Leather armour    |    52 |    36 |    70 ||   158
Dodge: Dodged            |    65 |   103 |   155 ||   323
Block: Buckler           |       |       |    35 ||    35
